 Dungeon Crawl Stone Soup version 0.29.0-11-gd7f09526c8 (webtiles) character file.

Game seed: 10770201318561883039

7255 SnakkuSnakku7 the Spear-Bearer (level 11, -1/86 HPs)
             Began as a Human Delver on Sept 6, 2022.
             Was an Elder of Elyvilon.
             Slain by an efreet
             ... wielding a +1 scimitar of flaming
              (18 damage)
             ... on level 10 of the Dungeon.
             The game lasted 00:20:08 (14500 turns).

SnakkuSnakku7 the Spear-Bearer (Human Delver)      Turns: 14500, Time: 00:20:08

Health: -1/86      AC: 13    Str: 16    XL:     11   Next: 33%
Magic:  0/14       EV: 10    Int: 11    God:    Elyvilon [****..]
Gold:   221        SH:  0    Dex: 18    Spells: 10/10 levels left

rFire   . . .      SeeInvis .   a - +1 glaive (flame)
rCold   . . .      Faith    .   (shield currently unavailable)
rNeg    + . .      Spirit   +   A - +4 scale mail "Boemi" {+Inv Dex+3 Stlth+}
rPois   .          Reflect  .   v - +0 helmet
rElec   .          Harm     .   N - +0 cloak
rCorr   .          Rampage  .   B - +0 pair of gloves
Will    .....                   (no boots)
Stlth   +++.......              e - amulet of guardian spirit
HPRegen 0.24/turn               u - ring of wizardry
MPRegen 0.14/turn               F - ring of positive energy

@: about to teleport
A: no striking features
a: Renounce Religion, Evoke Invisibility, Purification, Heal Other, Heal Self


You were on level 10 of the Dungeon.
You worshipped Elyvilon.
Elyvilon was greatly pleased with you.
You visited 2 branches of the dungeon, and saw 11 of its levels.

You collected 480 gold pieces.
You spent 259 gold pieces at shops.

Inventory:

Hand Weapons
 a - a +1 glaive of flaming (weapon)
 f - a +0 spear
 h - a +0 halberd
 z - a +0 trident
Missiles
 l - 4 poisoned darts (quivered)
Armour
 b - a +0 leather armour
 o - a +0 ring mail
 r - a +0 chain mail
 v - a +0 helmet (worn)
 A - the +4 scale mail "Boemi" (worn) {+Inv Dex+3 Stlth+}
   (You found it on level 4 of the Dungeon)

   Dex:       It affects your dexterity (+3).
   +Inv:      It lets you turn invisible.
   Stlth:     It makes you more stealthy.
 B - a +0 pair of gloves (worn)
 K - a +0 kite shield
 N - a +0 cloak (worn)
Jewellery
 e - an amulet of guardian spirit (around neck)
 u - a ring of wizardry (left hand)
 y - an amulet of reflection
 F - a ring of positive energy (right hand)
Wands
 g - a wand of digging (1)
 t - a wand of polymorph (1)
 D - a wand of charming (4)
 H - a wand of iceblast (8)
 L - a wand of mindburst (4)
 O - a wand of light (3)
Scrolls
 c - 4 scrolls of fog
 d - a scroll of torment {unknown}
 i - 2 scrolls of vulnerability {unknown}
 m - a scroll of enchant armour {unknown}
 p - a scroll of blinking
 q - a scroll of silence {unknown}
 w - 4 scrolls of teleportation
 x - 2 scrolls of poison {unknown}
 E - a scroll of enchant weapon {unknown}
 I - a scroll of immolation {unknown}
 P - a scroll of magic mapping
Potions
 j - a potion of haste
 k - 2 potions of flight
 n - 2 potions of curing
 s - a potion of attraction
 C - a potion of magic {unknown}
 G - a potion of ambrosia
 J - a potion of lignification
 M - a potion of mutation


   Skills:
 - Level 8.0 Fighting
 - Level 14.0 Polearms
 - Level 4.0 Throwing
 - Level 2.0 Dodging
 - Level 5.0 Stealth
 + Level 4.1 Invocations


You had 10 spell levels left.
You didn't know any spells.
Your spell library contained the following spells:

 Spells                   Type           Power      Damage    Failure   Level
 Shock                    Conj/Air       0%         1d3       45%         1
 Swiftness                Air            0%         N/A       82%         3
 Airstrike                Air            0%         2d(0-16)  99%         4


Dungeon Overview and Level Annotations

Branches:
Dungeon (10/15)            Temple (1/1) D:6             Orc (0/2) D:10
   Lair: D:8-11

Altars:
Ashenzari
Elyvilon
Fedhas
Gozag
Hepliaklqana
Kikubaaqudgha
Makhleb
Okawaru
Qazlal
Ru
Sif Muna
Trog
Uskayaw
Wu Jian
Xom
Yredelemnul
Zin
The Shining One

Shops:
D:1 ?   D:9 [

Annotations:
D:3 3 runed translucent doors, Grinder; smilodon's ghost, amateur DsFi
D:10 exclusions: orc, orc priest, queen bee, slime creature, two-headed ogre, yak and 4 more exclusions


Message History

Really walk into a travel-excluded area?
The slime creature quivers.
You reach to attack!
The helpless queen bee fails to defend itself.
You hit the queen bee but do no damage. You completely miss the queen bee.
The queen bee closely misses you.
You closely miss the queen bee. The efreet gestures at you.
The bolt of fire hits you!! The bolt of fire hits you!
The queen bee closely misses you.
You hit the queen bee but do no damage. The queen bee closely misses you.
Unknown command.
You closely miss the queen bee.
The queen bee stings you but does no damage.
You hit the queen bee. You burn the queen bee.
The queen bee is lightly wounded.
The queen bee stings you but does no damage.
You barely miss the queen bee.
The queen bee is lightly wounded.
The efreet hits you with a +1 scimitar of flaming.
The efreet burns you.
The queen bee stings you but does no damage.
You closely miss the queen bee.
The queen bee is lightly wounded.
The efreet hits you with a +1 scimitar of flaming.
The efreet burns you. The queen bee stings you.
You are poisoned.
The queen bee poisons you!
As you read the scroll of teleportation, it crumbles to dust.
You feel strangely unstable.
You feel very sick.
The efreet hits you with a +1 scimitar of flaming!
* * * LOW HITPOINT WARNING * * *
The efreet burns you!
* * * LOW HITPOINT WARNING * * *
The queen bee stings you.
* * * LOW HITPOINT WARNING * * *
You feel better.
The efreet hits you with a +1 scimitar of flaming!!
You die...

#.# #..#### #.##...## #.# #.....#
#.###.## ######.## #.###.###.#
#.# #.......### #.........# #>#
###.####....#####..##.#######'##
.............○.....##.# ##...##
##.#########.#####.##.# ##.....#
.......#.......R.#..#.# ##.......
######.#.#######@#....###........
.#)#o#.#.# #y#......'........
.h...#.#.# #J#....###........
..o..'...# +.......###.......
...o.#.#.# #.#......###.....#
o#)#)#.#.# #.#......# ##...## #
###.#.# #.#......# ##'## ..#..
..#.#...## #.# # ##### #$..# #.#


You could see a slime creature, a queen bee and an efreet.

Vanquished Creatures
  Maurice (D:8)
  Joseph (D:7)
  Maggie (D:10)
  A hornet (D:9)
  A slime creature (D:10)
  2 shadows
  A vampire (D:9)
  A wyvern (D:6)
  2 wraiths (D:10)
  8 yaks
  An acid dragon (D:10)
  A water moccasin (D:7)
  3 sky beasts
  7 orc warriors
  An ice beast (D:7)
  2 black bears
  4 centaurs
  A phantom (D:5)
  A kobold brigand (D:6)
  3 bullfrogs
  A necrophage (D:5)
  4 scorpions
  4 wights (D:8)
  4 howler monkeys
  6 hounds
  2 jellies (D:5)
  6 orc priests
  8 iguanas
  Jessica (D:3)
  Natasha (twice) (D:2)
  7 orc wizards
  Robin (D:2)
  4 adders
  5 gnolls
  A river rat (D:5)
  2 shadow imps
  2 white imps
  2 ufetubi
  A dart slug (D:4)
  39 orcs
  2 ball pythons (D:3)
  7 bats
  6 endoplasms
  2 giant cockroaches
  13 goblins
  6 hobgoblins
  2 jackals (D:4)
  3 quokkas
  4 frilled lizards
  11 kobolds
  9 rats
210 creatures vanquished.

Vanquished Creatures (others)
  2 fungi (D:3)
  2 plants (D:3)
4 creatures vanquished.

Grand Total: 214 creatures vanquished

Notes
Turn   | Place    | Note
-------+----------+-------------------------------------------
     0 | D:5      | SnakkuSnakku7 the Human Delver began the quest for the Orb.
     0 | D:5      | Reached XP level 1. HP: 18/18 MP: 1/1
    19 | D:5      | Noticed a necrophage
    38 | D:5      | Noticed a water moccasin
   321 | D:3      | Found a runed translucent gate.
   321 | D:3      | Found a runed translucent gate.
   321 | D:3      | Found a runed translucent gate.
   323 | D:3      | Noticed a kobold brigand
   324 | D:3      | Noticed smilodon's ghost (amateur DsFi)
   376 | D:3      | Noticed Grinder
   377 | D:3      | Paralysed by Grinder for 3 turns
   379 | D:3      | Noticed a howler monkey
   624 | D:3      | Reached XP level 2. HP: 23/24 MP: 2/2
   658 | D:3      | Reached skill level 3 in Polearms
   658 | D:3      | Reached skill level 1 in Throwing
   658 | D:3      | Reached XP level 3. HP: 18/29 MP: 3/3
   890 | D:3      | Reached XP level 4. HP: 19/35 MP: 4/4
  1353 | D:1      | Found a faded altar of an unknown god.
  1510 | D:1      | Found Xaewkeog's Magic Scroll Shop.
  1521 | D:1      | Bought a scroll of teleportation for 42 gold pieces
  1544 | D:1      | Reached XP level 5. HP: 35/41 MP: 5/5
  2416 | D:2      | Reached skill level 4 in Polearms
  3139 | D:2      | Noticed Natasha
  3146 | D:2      | Killed Natasha
  3161 | D:2      | Noticed Natasha
  3168 | D:2      | Killed Natasha
  3346 | D:2      | Reached XP level 6. HP: 42/47 MP: 6/6
  3506 | D:3      | Noticed Jessica
  3509 | D:3      | Killed Jessica
  3541 | D:3      | Noticed Robin
  3571 | D:2      | Killed Robin
  4559 | D:4      | Reached skill level 5 in Polearms
  5113 | D:4      | Identified the +4 scale mail "Boemi" {+Inv Dex+3 Stlth+}
  5339 | D:5      | Found an opulent altar of Gozag.
  5346 | D:5      | Reached XP level 7. HP: 45/52 MP: 7/7
  5413 | D:5      | a water moccasin changed into a sky beast
  5429 | D:5      | Reached skill level 6 in Polearms
  5778 | D:5      | Reached skill level 7 in Polearms
  5854 | D:5      | Reached XP level 8. HP: 40/58 MP: 8/8
  6258 | D:6      | Reached skill level 8 in Polearms
  6404 | D:6      | Noticed a wyvern
  6404 | D:6      | an acid dragon changed into a wyvern
  6413 | D:6      | Killed a wyvern
  6414 | D:6      | Reached skill level 9 in Polearms
  7080 | D:6      | Reached XP level 9. HP: 45/63 MP: 9/9
  7199 | D:6      | Reached skill level 10 in Polearms
  7318 | D:6      | Found a staircase to the Ecumenical Temple.
  7336 | Temple   | Entered the Ecumenical Temple
  7356 | Temple   | Became a worshipper of Elyvilon the Healer
  7431 | D:6      | Found a bloodstained altar of Trog.
  8031 | D:7      | Noticed Joseph
  8055 | D:7      | Reached * piety under Elyvilon
  8071 | D:7      | Identified the +4 mace "Ovyut" {spect, rPois rF+ Str+6
                  | Dex-4}
  8289 | D:7      | Found a broken altar of Ashenzari.
  8307 | D:7      | Reached skill level 11 in Polearms
  8551 | D:7      | Reached ** piety under Elyvilon
  9210 | D:8      | Noticed Maurice
  9477 | D:8      | Found a shimmering blue altar of Sif Muna.
  9492 | D:8      | Reached skill level 12 in Polearms
  9644 | D:8      | Reached XP level 10. HP: 57/70 MP: 10/10
 10148 | D:8      | Reached *** piety under Elyvilon
 10168 | D:8      | Killed Maurice
 10169 | D:8      | Reached skill level 13 in Polearms
 10585 | D:9      | Found a large runed translucent door.
 10586 | D:9      | Found a large runed translucent door.
 10731 | D:9      | Found a glowing golden altar of the Shining One.
 11165 | D:10     | Entered Level 10 of the Dungeon
 11205 | D:10     | Noticed an efreet
 11276 | D:10     | Noticed Maggie
 11319 | D:10     | Killed Maggie
 11435 | D:10     | Reached skill level 14 in Polearms
 11646 | D:10     | Noticed a two-headed ogre
 11812 | D:10     | Reached **** piety under Elyvilon
 11865 | D:10     | Reached skill level 5 in Fighting
 12069 | D:10     | Found a staircase to the Orcish Mines.
 12103 | D:10     | Reached XP level 11. HP: 42/82 MP: 6/11
 12820 | D:9      | Found an ornate altar of the Wu Jian Council.
 12864 | D:9      | Found Plog's Armour Shoppe.
 13768 | D:1      | Bought a scroll of fog for 56 gold pieces
 13768 | D:1      | Bought a scroll of noise for 14 gold pieces
 13768 | D:1      | Bought a scroll of teleportation for 42 gold pieces
 13768 | D:1      | Bought a scroll of magic mapping for 105 gold pieces
 13956 | D:6      | Found a hazy altar of Hepliaklqana.
 13956 | D:6      | Found a blossoming altar of Fedhas.
 13956 | D:6      | Found a glowing silver altar of Zin.
 13959 | D:6      | Found a burning altar of Makhleb.
 14066 | D:7      | Killed Joseph
 14275 | D:9      | Found a stormy altar of Qazlal.
 14378 | D:9      | Found a shimmering altar of Xom.
 14446 | D:10     | Noticed an orc knight
 14500 | D:10     | Slain by an efreet

Illustrated notes

Levels and vault maps discovered:
D:1:      dpeg_arrival_tiny_d, layout_rooms, serial_shops, shop,
          hellmonk_ecumenical_altar_inner_sanctum,
          wander_ebering_terrifying_dragon_lair
D:2:      layout_basic, uniq_natasha
D:3:      layout_loops_ring, gammafunk_ghost_nasty_kobolds, uniq_grinder,
          uniq_jessica, uniq_robin
D:4:      layout_cave_pools
D:5:      layout_basic, nicolae_gozag_cash_rules_everything_around_me,
          portal_sewer_entry_a, feat_on_display
D:6:      layout_basic, nicolae_overflow_hidden_temple, temple_hall
D:7:      layout_gridville, lemuel_tele_altar, roderic_roman_lattice,
          grunt_decor_resistance, kennysheep_small_circle, uniq_joseph
D:8:      layout_basic, mainiacjoe_overflow_brackets, uniq_maurice
D:9:      layout_basic, lemuel_doored_altar, nzn_wu_jian_council_hall,
          jmf_multi_god_temple2, serial_shops, nicolae_lakefront_shop
D:10:     layout_loops_corners, orc_0_dummy, minmay_the_grid_2x2
          [minmay_the_grid_square_x, minmay_the_grid_minigrid_large,
          minmay_the_grid_armoury, minmay_the_grid_prize_shrinking_boxes],
          uniq_maggie
Temple:   nicolae_temple_two_arcs

Skill      XL: |  1  2  3  4  5  6  7  8  9 10 11 |
---------------+----------------------------------+-----
Polearms       | 3 4 5 7 9 12 14 | 14.0
Throwing       | 1 2 3 4 |  4.0
Fighting       | 6 8 |  8.0
Invocations    | 4 |  4.1
Dodging        | |  2.0
Stealth        | |  5.0

Action                   |  1- 3 |  4- 6 |  7- 9 | 10-12 || total
-------------------------+-------+-------+-------+-------++-------
Melee: Spear             |    46 |   186 |       |       ||   232
       Punch             |     1 |     5 |       |       ||     6
       Trident           |       |   164 |       |       ||   164
       Halberd           |       |     7 |   311 |   119 ||   437
       Glaive            |       |       |       |   145 ||   145
Throw: Dart              |     5 |     8 |    12 |     3 ||    28
Evoke: Wand              |     2 |       |     2 |     6 ||    10
  Use: Scroll            |     1 |     2 |     2 |     9 ||    14
       Potion            |     1 |       |       |     4 ||     5
 Stab: Sleeping          |       |    11 |     8 |     5 ||    24
       Distracted        |       |       |       |     1 ||     1
Armor: Leather armour    |     8 |    15 |       |       ||    23
       Chain mail        |       |    97 |       |       ||    97
       Ring mail         |       |    13 |       |       ||    13
       Scale mail        |       |     3 |   173 |    78 ||   254
Dodge: Dodged            |    26 |   153 |   156 |    91 ||   426
